 Dungeon Crawl Stone Soup version 0.29-a0-837-g174bc33265 (webtiles) character file.

Game seed: 15500522121355544172

1269 ZerendiaBlackhand the Shield-Bearer (level 8, -1/73 HPs)
             Began as a Minotaur Fighter on July 12, 2022.
             Slain by a kobold brigand
             ... wielding a +0 short sword
              (5 damage)
             ... on level 6 of the Dungeon.
             The game lasted 00:49:53 (5555 turns).

ZerendiaBlackhand the Shield-Bearer (MiFi)          Turns: 5555, Time: 00:49:54

Health: -1/73      AC: 11    Str: 21    XL:     8   Next: 28%
Magic:  7/7        EV:  7    Int:  5    God:
Gold:   232        SH:  5    Dex: 12    Spells: 7/7 levels left

rFire   . . .      SeeInvis +   a - +0 long sword
rCold   . . .      Faith    .   c - +0 buckler
rNeg    . . .      Spirit   .   p - +0 chain mail
rPois   .          Reflect  .   (helmet restricted)
rElec   .          Harm     .   r - +0 cloak
rCorr   .          Rampage  .   (no gloves)
Will    .....                   (no boots)
Stlth   ..........              (no amulet)
HPRegen 0.22/turn               w - ring of see invisible
MPRegen 0.10/turn               (no ring)

@: no status effects
A: horns 2, retaliatory headbutt
a: no special abilities


You were on level 6 of the Dungeon.
You visited 2 branches of the dungeon, and saw 8 of its levels.

You collected 232 gold pieces.

Inventory:

Hand Weapons
 a - a +0 long sword (weapon)
 h - a +2 whip of venom
 j - the +2 sling of the Gnat {vorpal, rN+ Str+4 Dex+4 SInv}
   (You found it on level 4 of the Dungeon)

   Any ammunition fired from it inflicts extra damage upon your enemies.
   Str:       It affects your strength (+4).
   Dex:       It affects your dexterity (+4).
   rN:        It protects you from negative energy.
   SInv:      It lets you see invisible.
Missiles
 m - 26 stones (quivered)
Armour
 b - a +0 scale mail
 c - a +0 buckler (worn)
 p - a +0 chain mail (worn)
 r - a +0 cloak (worn)
Jewellery
 o - a ring of magical power
 w - a ring of see invisible (left hand)
Wands
 u - a wand of digging (5)
 v - a wand of flame (27)
Scrolls
 g - a scroll of noise {unknown}
 i - 2 scrolls of teleportation
 t - 2 scrolls of identify
 x - a scroll of fear
 y - a scroll of enchant weapon {unknown}
Potions
 e - 2 potions of lignification
 f - 2 potions of attraction
 k - a potion of haste {unknown}
 l - 2 potions of cancellation
 n - a potion of heal wounds {unknown}
 q - 2 potions of ambrosia {unknown}
 z - a potion of brilliance {unknown}


   Skills:
 + Level 7.0 Fighting
 + Level 6.3 Long Blades
 + Level 7.0 Armour
 + Level 7.1 Shields


You had 7 spell levels left.
You didn't know any spells.
Your spell library was empty.

Dungeon Overview and Level Annotations

Branches:
Dungeon (7/15)             Temple (1/1) D:5

Altars:
Ashenzari
Cheibriados
Dithmenos
Elyvilon
Fedhas
Kikubaaqudgha
Makhleb
Nemelex Xobeh
Okawaru
Ru
Sif Muna
Trog
Wu Jian
Xom
Yredelemnul
Zin
The Shining One


Innate Abilities, Weirdness & Mutations

You have a pair of horns on your head.
You reflexively headbutt those who attack you in melee.


Message History

You closely miss the necrophage.
The necrophage is almost destroyed.
The jelly closely misses you. You furiously retaliate!
You headbutt the jelly. The necrophage hits you.
* * * LOW HITPOINT WARNING * * *
You hit the necrophage.
You destroy the necrophage!
The kobold brigand throws a poisoned dart.
The poisoned dart hits you!
You are poisoned.
The jelly hits you.
* * * LOW HITPOINT WARNING * * *
You are splashed with acid!
* * * LOW HITPOINT WARNING * * *
Your life force feels restored.
Your Fighting skill increases to level 7!
Your Armour skill increases to level 7!
You feel better. The jelly hits you but does no damage.
You hit the jelly.
Your hands burn!
* * * LOW HITPOINT WARNING * * *
The jelly is moderately wounded.
You block the jelly's attack.
You closely miss the kobold brigand. You headbutt the kobold brigand!
The kobold brigand is moderately wounded.
The kobold brigand hits you but does no damage.
The jelly hits you.
* * * LOW HITPOINT WARNING * * *
You are splashed with acid.
* * * LOW HITPOINT WARNING * * *
You hit the kobold brigand.
The kobold brigand is heavily wounded.
The kobold brigand barely misses you. The jelly hits you but does no damage.
You hit the kobold brigand but do no damage.
The kobold brigand is heavily wounded.
The kobold brigand hits you but does no damage.
The jelly closely misses you.
You slash the kobold brigand!
The kobold brigand is severely wounded.
The kobold brigand hits you with a +0 short sword.
You die...

#....<.####...
#..###### ###. #.
## ### #.... #
####.### ...##.####
..#.##. #....J@.#
#$..... ##...##K#
#...... #.# #.####
#.#.### #
#....######...#..
##.....K........#
.....#...###>######
###......# #.# #
#.####.# ..# ## #..
#....## #.


You could see a kobold brigand and a jelly.

Vanquished Creatures
  A wyvern (D:5)
  A water moccasin (D:5)
  An ogre (D:4)
  A centaur (D:6)
  3 phantoms
  2 necrophages
  2 scorpions
  4 hounds
  An orc priest (D:4)
  Natasha (thrice) (D:3)
  6 adders
  3 gnolls (D:3)
  2 ufetubi
  2 worms
  A dart slug (D:3)
  10 orcs
  2 ball pythons
  3 endoplasms
  A giant cockroach (D:1)
  5 goblins
  4 hobgoblins
  8 kobolds
  3 quokkas
  6 bats
  3 frilled lizards
  5 rats
83 creatures vanquished.

Notes
Turn   | Place    | Note
-------+----------+-------------------------------------------
     0 | D:1      | ZerendiaBlackhand the Minotaur Fighter began the quest for
                  | the Orb.
     0 | D:1      | Reached XP level 1. HP: 19/19 MP: 0/0
   211 | D:1      | Reached XP level 2. HP: 27/27 MP: 1/1
   668 | D:1      | Found a faded altar of an unknown god.
  1002 | D:2      | Reached XP level 3. HP: 32/33 MP: 2/2
  1995 | D:3      | Reached XP level 4. HP: 25/40 MP: 3/3
  2423 | D:3      | Noticed Natasha
  2434 | D:3      | Killed Natasha
  2690 | D:3      | Noticed Natasha
  2699 | D:3      | Killed Natasha
  2700 | D:3      | Reached XP level 5. HP: 44/47 MP: 4/4
  2907 | D:4      | Reached skill level 5 in Shields
  2969 | D:4      | Found an iron altar of Okawaru.
  3073 | D:4      | Identified the +2 sling of the Gnat {vorpal, rN+ Str+4
                  | Dex+4 SInv}
  3212 | D:4      | Reached skill level 5 in Fighting
  3212 | D:4      | Reached skill level 5 in Armour
  3289 | D:4      | Noticed an ogre
  3334 | D:3      | Noticed Natasha
  3340 | D:3      | Killed Natasha
  3341 | D:3      | Reached XP level 6. HP: 47/56 MP: 5/5
  3685 | D:5      | Entered Level 5 of the Dungeon
  3842 | D:5      | Reached XP level 7. HP: 52/62 MP: 6/6
  3964 | D:5      | Reached skill level 5 in Long Blades
  4040 | D:5      | Noticed a wyvern
  4057 | D:5      | HP: 2/63 [wyvern (13)]
  4809 | D:5      | Killed a wyvern
  4810 | D:5      | Reached XP level 8. HP: 5/71 MP: 7/7
  5127 | D:5      | Found a staircase to the Ecumenical Temple.
  5136 | Temple   | Entered the Ecumenical Temple
  5552 | D:6      | HP: 3/73 [acid (5)]
  5555 | D:6      | Slain by a kobold brigand

Illustrated notes

Levels and vault maps discovered:
D:1:      tarquinn_simple_flora_water_d, layout_basic,
          ebering_ecumenical_altar_webs, nrook_mini_backslash,
          minmay_pentomino_x2
D:2:      layout_loops_cross, minmay_door_square
D:3:      layout_loops_ring, minmay_crystal_room, uniq_natasha
D:4:      layout_rooms, mainiacjoe_overflow_boulevard
D:5:      layout_loops_ring, minmay_temple_entry_junction,
          gup_sewer_entry_spiral
D:6:      layout_rooms
D:7:      layout_basic
Temple:   nicolae_temple_x_marks_the_god

Skill      XL: |  1  2  3  4  5  6  7  8 |
---------------+-------------------------+-----
Shields        | 4 5 6 7 |  7.1
Fighting       | 4 5 6 7 |  7.0
Armour         | 4 5 6 7 |  7.0
Long Blades    | 3 4 5 6 |  6.3

Action                   |  1- 3 |  4- 6 |  7- 9 || total
-------------------------+-------+-------+-------++-------
Melee: Long sword        |    94 |    97 |   111 ||   302
       Headbutt          |    10 |    22 |    23 ||    55
Throw: Stone             |     1 |     2 |     1 ||     4
  Use: Potion            |     1 |     1 |     3 ||     5
       Scroll            |       |     6 |     2 ||     8
Armor: Scale mail        |    19 |       |       ||    19
       Chain mail        |    18 |    45 |    75 ||   138
Dodge: Dodged            |    38 |    43 |    47 ||   128
Block: Buckler           |    20 |    16 |    33 ||    69

Table legend: (Time is in decaauts)
 A = Elapsed time spent in this place.
 B = Non-inter-level travel time spent in this place.
 C = Inter-level travel time spent in this place.
 D = Time resting spent in this place.
 E = Time spent auto-exploring this place.
 F = Levels seen in this place.
 G = Mean time per level.
                   A        B        C        D        E       F      G
               +--------+--------+--------+--------+--------+-----+--------+
         Total |   5670 |   5642 |     28 |   1508 |   2351 |   8 |  708.8 |
       Dungeon |   5604 |   5596 |      8 |   1508 |   2351 |   7 |  800.6 |
        Temple |     66 |     46 |     20 |      0 |      0 |   1 |   66.0 |
               +--------+--------+--------+--------+--------+-----+--------+

Top non-repeatable levels by time:
     D:5: 1512 daAuts
     D:3: 1133 daAuts
     D:2: 988 daAuts
     D:1: 921 daAuts
     D:4: 813 daAuts
     D:6: 211 daAuts
  Temple: 66 daAuts
     D:7: 22 daAuts
